 Dungeon Crawl Stone Soup version 0.31.0-11-ge490571c62 (webtiles) character file.

Game seed: 11227794529341450201

14 qw the Shooter (level 2, -1/16 HPs)
             Began as a Deep Elf Hunter on Feb 5, 2024.
             Succumbed to their own poison gas
             ... on level 1 of the Dungeon.
             The game lasted 00:00:06 (657 turns).

qw the Shooter (Deep Elf Hunter)                     Turns: 657, Time: 00:00:06

Health: -1/16      AC:  3    Str:  8    XL:     2   Next: 27%
Magic:  4/4        EV: 13    Int: 13    God:
Gold:   44         SH:  0    Dex: 18    Spells: 1/1 levels left

rFire   . . .        a - +0 shortbow
rCold   + . .        (shield currently unavailable)
rNeg    . . .        i - +0 robe {rC+}
rPois   .            (no helmet)
rElec   .            m - scarf {repulsion}
rCorr   .            (no gloves)
SInv    .            f - +0 pair of boots
Will    .....        (no amulet)
Stlth   ++           (no ring)
HPRegen 0.22/turn    (no ring)
MPRegen 0.09/turn

%: repel missiles
@: lethally poisoned (-1 -> -17)
A: no striking features
a: no special abilities


You were on level 1 of the Dungeon.
You visited 1 branch of the dungeon, and saw 1 of its levels.

You collected 44 gold pieces.


   Skills:
 - Level 1.5 Fighting
 + Level 6.1 Ranged Weapons
 - Level 2.4 Dodging
 - Level 1.2 Stealth


You had one spell level left.
You didn't know any spells.
Your spell library was empty.

Inventory:

Hand Weapons
 a - a +0 shortbow (weapon)
Armour
 c - a +0 leather armour
 f - a +0 pair of boots (worn)
 i - a +0 robe of cold resistance (worn)
 m - a scarf of repulsion (worn)
Potions
 k - a potion of haste

Dungeon Overview and Level Annotations

Branches:
Dungeon (1/15)

Altars:


Message History

The air fills with toxic fumes!
As you read the scroll labelled WEMOYF SENAOST, it crumbles to dust.
It was a scroll of poison.
Partly explored, can't reach some places.
652 ||| READING scroll labelled EKEFOSUYZU.
As you read the scroll labelled EKEFOSUYZU, it crumbles to dust.
You hear a loud clanging noise!
It was a scroll of noise.
Partly explored, can't reach some places.
653 ||| READING scroll labelled MEUHOM EFOATWA.
As you read the scroll labelled MEUHOM EFOATWA, it dissolves into smoke.
It was a scroll of fog.
Partly explored, can't reach some places.
654 ||| DROPPING scroll of butterflies.
You drop a scroll of butterflies.
Partly explored, can't reach some places.
655 ||| DROPPING potion of lignification.
You drop a potion of lignification.
Partly explored, can't reach some places.
What level of the Dungeon? (default 1, ? - help) Sorry, I don't know how to get there.
Enter note:
Enter note:
Enter note:
Enter note:
Enter note:
Enter note:
Enter note:
Enter note:
Enter note:
Enter note:
Enter note:
Enter note:
Enter note:
Enter note:
Enter note: You are engulfed in poison gas.
You are lethally poisoned!
Ouch! That really hurt!
You feel very sick.
657 ||| Stepping ~*~*~tactically~*~*~ (cloud).
You die...

..##.###.....####......7P7.7P7#..
..##...+.....# #......77.......#
#.....##....#####......777.P.7###
......+................¤77777.#..
......######7777##'##.¤¤......'..
..........#7.P77 #'##¤¤¤......#..
..........777P¤077.¤¤¤¤¤####.####
..........7....PP7¤¤0¤¤0####.####
..........7 7@¤¤¤¤0¤¤#....##..
#......#..777.PP77#####0#....##.#
#......#...777777...# #.'........
#......#....7777###.#####....##.#
.......###...#..%.#.#....###.#...
......###.......#.#.#.##.....#..#
.#)##.###.##...##.#.#.##.........
.#........##...........|.........
.#####..#####..###..#.######..#..


There were no monsters in sight!

Vanquished Creatures
  A ball python (D:1)
  2 endoplasms (D:1)
  A goblin (D:1)
  2 hobgoblins (D:1)
  2 bats (D:1)
  A frilled lizard (D:1)
  3 kobolds (D:1)
  A rat (D:1)
13 creatures vanquished.

Notes
Turn   | Place    | Note
-------+----------+-------------------------------------------
     0 | D:1      | qw the Deep Elf Hunter began the quest for the Orb.
     0 | D:1      | Reached XP level 1. HP: 12/12 MP: 3/3
     0 | D:1      | 0 ||| qw: Version: 0.3-a-160-g6735b56
     0 | D:1      | 0 ||| qw: Game counter: 6257
     0 | D:1      | 0 ||| qw: Melee chars always use a shield: true
     0 | D:1      | 0 ||| qw: God list: Okawaru
     0 | D:1      | 0 ||| qw: Allow faded altars: false
     0 | D:1      | 0 ||| qw: Do Orc after clearing Dungeon:15 true
     0 | D:1      | 0 ||| qw: Do second Lair branch before Depths: true
     0 | D:1      | 0 ||| qw: Lair rune preference: random
     0 | D:1      | 0 ||| qw: Goals: Normal
     0 | D:1      | 0 ||| PLANNING D:1-11
   183 | D:1      | Reached XP level 2. HP: 16/16 MP: 4/4
   218 | D:1      | Reached skill level 6 in Ranged Weapons
   627 | D:1      | 627 ||| UPGRADING to +0 pair of boots.
   632 | D:1      | 632 ||| UPGRADING to +0 robe of cold resistance.
   642 | D:1      | 642 ||| UPGRADING to scarf of repulsion.
   647 | D:1      | 647 ||| DROPPING ring of magical power.
   648 | D:1      | 648 ||| READING 2 scrolls labelled HEISCH UMISIG.
   648 | D:1      | 648 ||| IDENTIFYING smoky purple potion
   649 | D:1      | 649 ||| READING scroll of identify.
   649 | D:1      | 649 ||| IDENTIFYING purple potion
   650 | D:1      | 650 ||| READING scroll labelled LOED QIFEPIU.
   651 | D:1      | 651 ||| READING scroll labelled WEMOYF SENAOST.
   652 | D:1      | 652 ||| READING scroll labelled EKEFOSUYZU.
   653 | D:1      | 653 ||| READING scroll labelled MEUHOM EFOATWA.
   654 | D:1      | 654 ||| DROPPING scroll of butterflies.
   655 | D:1      | 655 ||| DROPPING potion of lignification.
   656 | D:1      | HP: 3/16 [poisoned by you (poison gas)]
   657 | D:1      | 657 ||| Stepping ~*~*~tactically~*~*~ (cloud).
   657 | D:1      | Succumbed to their own poison gas

Levels and vault maps discovered:
D:1:      minmay_arrival_plants_in_alcoves, layout_basic, serial_forest,
          infiniplex_forest_clump_cross, infiniplex_forest_clump_curved,
          infiniplex_forest_lined_corner, infiniplex_forest_end_1,
          infiniplex_forest_end_2, infiniplex_forest_end_1

Skill      XL: |  1  2 |
---------------+-------+-----
Ranged Weapons | 6 |  6.1
Fighting       | |  1.5
Dodging        | |  2.4
Stealth        | |  1.2

Action                     || total
---------------------------++-------
   Fire: Shortbow          ||    44
    Use: Scroll            ||     6
 Armour: Leather armour    ||     8
  Dodge: Dodged            ||     8

Table legend:
 A = Non-vault XP
 B = Vault XP
 C = Vault XP percentage of total XP
 D = Non-vault monster count
 E = Vault monster count
 F = Vault count percentage of total count
                 A         B        C        D         E       F
            +---------+---------+-------+---------+---------+-------
      Total |      20 |       0 |   0.0 |      13 |       0 |   0.0
            +---------+---------+-------+---------+---------+-------
        D:1 |      20 |       0 |   0.0 |      13 |       0 |   0.0
            +---------+---------+-------+---------+---------+-------
